 Dungeon Crawl Stone Soup version 0.27.1-34-g3ba077fa99 (webtiles) character file.

Game seed: 5803344500449455603

81 KamiKatze the Skirmisher (level 4, -2/37 HPs)
             Began as a Palentonga Fighter on Jan 14, 2022.
             Killed by nerve-wracking pain
             ... invoked by an orc priest
              (8 damage)
             ... on level 3 of the Dungeon.
             The game lasted 00:06:58 (1586 turns).

KamiKatze the Skirmisher (Palentonga Fighter)       Turns: 1586, Time: 00:06:59

Health: -2/37      AC:  6    Str: 21    XL:     4   Next: 19%
Magic:  4/4        EV:  5    Int:  8    God:
Gold:   32         SH:  9    Dex:  9    Spells: 3/3 levels left

rFire    . . .     SeeInvis +   a - +0 war axe
rCold    . . .     Faith    .   c - +0 kite shield
rNeg     . . .     Spirit   .   b - +0 scale mail
rPois    .         Reflect  .   (no helmet)
rElec    .         Harm     .   (no cloak)
rCorr    .         Rampage  .   (no gloves)
Will     .....                  (no barding)
Stlth    ..........             (no amulet)
HPRegen  0.12/turn              (no ring)
MPRegen  0.09/turn              (no ring)

@: no status effects
A: large, rugged brown scales 3, see invisible, deformed body, roll 1, armoured
tail
a: Rolling Charge


You were on level 3 of the Dungeon.
You visited 1 branch of the dungeon, and saw 4 of its levels.

You collected 32 gold pieces.

Inventory:

Hand Weapons
 a - a +0 war axe (weapon)
Missiles
 e - 31 stones
Armour
 b - a +0 scale mail (worn)
 c - a +0 kite shield (worn)
Jewellery
 i - a +6 ring of intelligence
Scrolls
 h - a scroll of identify {unknown}
Potions
 d - a potion of might
 f - a potion of curing {unknown}
 g - a potion of degeneration {unknown}


   Skills:
 + Level 3.4 Fighting
 * Level 3.2 Axes
 - Level 2.4 Armour
 * Level 3.2 Shields


You had 3 spell levels left.
You didn't know any spells.
Your spell library contained the following spells:

 Spells                   Type           Power      Damage    Failure   Level
 Corona                   Hex            0%         N/A       99%         1
 Ensorcelled Hibernation  Hex/Ice        0%         N/A       99%         2
 Tukima's Dance           Hex            0%         N/A       100%        3


Dungeon Overview and Level Annotations

Branches:
Dungeon (4/15)
 Temple: D:4-7

Altars:
Trog


Innate Abilities, Weirdness & Mutations

You are completely covered in rugged brown scales. (AC +3, +7% HP)
You have supernaturally acute eyesight. (SInv)
Armour fits poorly on your strangely shaped body.
You can roll at nearby foes to attack.
You have a long armoured tail.


Message History

* * * LOW HITPOINT WARNING * * *
You hit the orc.
The orc is almost dead.
The orc hits you but does no damage. You block the orc's attack. x2
You closely miss the orc.
The orc is almost dead.
The orc hits you but does no damage.
The orc hits you from afar with a +0 trident.
* * * LOW HITPOINT WARNING * * *
You barely miss the orc.
The orc is almost dead.
You block the orc's attack. The orc hits you but does no damage.
The orc barely misses you. You block the orc's attack.
You slash the orc!
You kill the orc!
The orc hits you but does no damage. The orc barely misses you.
You see here a +0 falchion.
You barely miss the orc.
Your tail-slap misses the orc.
The orc hits you with a +0 trident.
* * * LOW HITPOINT WARNING * * *
The orc hits you but does no damage.
You closely miss the orc. The orc hits you but does no damage.
You barely miss the orc.
Your tail-slap misses the orc.
The orc hits you with a +0 trident.
* * * LOW HITPOINT WARNING * * *
You block the orc's attack.
You slash the orc!
You kill the orc!
Things that are here:
a +0 trident; an orc corpse An orc priest comes into view.
It is wielding a +0 dagger.
Found a scroll labelled QOF KEAR TYL.
The orc priest begins to cast a cantrip, but forgets the words!
There is a stone staircase leading up, spattered with blood here.
Things that are here:
a +0 dagger; a +0 leather armour; an orc corpse The orc priest calls down the wrath of Beogh upon you.
Pain shoots through your body!
You die...

#.#.. #.#..##?
#.#... .####
#.... .... .....
..!# #.#.# #..#
#.#.# #o.####..
#)#.####).......
#>)..)).@.......
###.#########.##
#.# #.# #.# #.#
#.# #.#


You could see an orc priest.

Vanquished Creatures
  A hound skeleton (D:4)
  A worm (D:2)
  4 orcs (D:3)
  7 ball pythons
  6 bats
  7 endoplasms
  3 giant cockroaches
  5 hobgoblins (D:1)
  4 jackals
  4 quokkas (D:1)
  3 frilled lizards
  4 goblins
  3 kobolds
  3 rats
55 creatures vanquished.

Vanquished Creatures (others)
  83 plants (D:1)
83 creatures vanquished.

Grand Total: 138 creatures vanquished

Notes
Turn   | Place    | Note
-------+----------+-------------------------------------------
     0 | D:1      | KamiKatze the Palentonga Fighter began the quest for the
                  | Orb.
     0 | D:1      | Reached XP level 1. HP: 19/19 MP: 1/1
   146 | D:1      | Reached XP level 2. HP: 23/25 MP: 2/2
   746 | D:1      | Reached XP level 3. HP: 27/31 MP: 3/3
  1268 | D:2      | You fall into a shaft and drop 2 floors!
  1357 | D:4      | Found a bloodstained altar of Trog.
  1363 | D:4      | Noticed an ogre
  1402 | D:3      | Reached XP level 4. HP: 18/37 MP: 4/4
  1586 | D:3      | Killed from afar by an orc priest

Illustrated notes

Levels and vault maps discovered:
D:1:      roderic_crop_circles_arrival_small, layout_basic
D:2:      layout_basic
D:3:      layout_basic, led_xom_imps, chequers_ecumenical_altar_island
D:4:      layout_basic, palyth_temple_overflow_mages,
          nicolae_overflow_crystal_walls, mainiacjoe_overflow_alcove_3,
          kennysheep_decorative_pillar, st_stairs_3, roderic_roman_lattice

Skill      XL: |  1  2  3 |
---------------+----------+-----
Shields        | 3 |  3.2
Axes           | 3 |  3.2
Fighting       | |  3.4
Armour         | |  2.4

Action                   |  1- 3 |  4- 6 || total
-------------------------+-------+-------++-------
Melee: War axe           |   159 |    21 ||   180
       Tailslap          |    15 |     1 ||    16
 Abil: Rolling Charge    |     5 |     1 ||     6
Armor: Scale mail        |    75 |    15 ||    90
Dodge: Dodged            |    37 |     6 ||    43
Block: Kite shield       |    69 |    21 ||    90
